AAA
JUAREZ GUERREROS @ VANCOUVER THUNDERBIRDS
05/16/2060
 
TOP OF THE 1ST
Juarez Guerreros batting - Pitching for Vancouver Thunderbirds : LHP Preston DeGeyter
Pitching: LHP Preston DeGeyter
Batting: RHB Tommy Tyrrell 0-0: Bunt for hit to P - play at first, batter OUT! 1-3
Batting: RHB Julius McCurdy 0-0: Ball
1-0: Foul Ball, location: 2F
1-1: Called Strike
1-2: Ball
2-2: Foul Ball, location: 2F
2-2: Ball
3-2: Strikes out swinging
Batting: RHB Owen Grossman 0-0: Swinging Strike
0-1: Swinging Strike
0-2: Ball
1-2: Strikes out swinging
Top of the 1st over - 0 runs, 0 hits, 0 errors, 0 left on base; Juarez 0 - Vancouver 0
BOTTOM OF THE 1ST
Vancouver Thunderbirds batting - Pitching for Juarez Guerreros : RHP Giovanni Ivers
Pitching: RHP Giovanni Ivers
Batting: RHB Jovan Elerson 0-0: Called Strike
0-1: Foul Ball, location: 2F
0-2: Foul Ball, location: 2F
0-2: Hit by Pitch
Batting: RHB Allen Zuber 0-0: Swinging Strike
0-1: Ball
1-1: Swinging Strike
1-2: Fly out, F7 (Flyball, 7D, EV 90.0 MPH)
Batting: RHB Wes Chavis 0-0: Fly out, F7 (Flyball, 78M, EV 89.4 MPH)
Batting: SHB Kyle O'Brien 0-0: Swinging Strike
0-1: Ball
1-1: Called Strike
1-2: Fly out, F7 (Flyball, 7, EV 81.2 MPH)
Bottom of the 1st over - 0 runs, 0 hits, 0 errors, 1 left on base; Juarez 0 - Vancouver 0
TOP OF THE 2ND
Juarez Guerreros batting - Pitching for Vancouver Thunderbirds : LHP Preston DeGeyter
Batting: SHB Damian Skinner 0-0: Foul Ball, location: 2F
0-1: Foul Ball, location: 2F
0-2: Foul Ball, location: 2F
0-2: Strikes out looking
Batting: RHB Wilson McFarland 0-0: Called Strike
0-1: SINGLE (Groundball, 56D, EV 106.2 MPH)
Batting: LHB Evan Reney 0-0: Swinging Strike
0-1: Swinging Strike
0-2: Ball
1-2: Ball
2-2: Ball
3-2: Strikes out looking
Batting: LHB Reed Horton 0-0: Ball
1-0: Foul Ball, location: 2F
1-1: Foul Ball, location: 2F
1-2: Ball
2-2: Strikes out swinging
Top of the 2nd over - 0 runs, 1 hit, 0 errors, 1 left on base; Juarez 0 - Vancouver 0
BOTTOM OF THE 2ND
Vancouver Thunderbirds batting - Pitching for Juarez Guerreros : RHP Giovanni Ivers
Batting: LHB Drake Busler 0-0: Ball
1-0: Ball
2-0: Foul Ball, location: 2F
2-1: Foul Ball, location: 2F
2-2: Ground out 4-3 (Groundball, 4M, EV 84.4 MPH)
Batting: RHB Isaac Merolla 0-0: Called Strike
0-1: Ground out 4-3 (Groundball, 4, EV 101.2 MPH)
Batting: RHB Karviar Smallwood 0-0: Ball
1-0: Ball
2-0: Called Strike
2-1: Foul Ball, location: 2F
2-2: Foul Ball, location: 2F
2-2: SINGLE (Groundball, 4MD, EV 103.1 MPH)
Batting: RHB Jacolby Waleenstedt 0-0: Called Strike
0-1: Foul Ball, location: 2F
0-2: Strikes out swinging
Bottom of the 2nd over - 0 runs, 1 hit, 0 errors, 1 left on base; Juarez 0 - Vancouver 0
TOP OF THE 3RD
Juarez Guerreros batting - Pitching for Vancouver Thunderbirds : LHP Preston DeGeyter
Batting: LHB Archibald Vasquez 0-0: DOUBLE (Line Drive, 89D, EV 108.1 MPH)
Batting: LHB Bubba Cain 0-0: Swinging Strike
0-1: Ball
1-1: Foul Ball, location: 2F
1-2: Foul Ball, location: 2F
1-2: Foul Ball, location: 2F
1-2: Foul Ball, location: 2F
1-2: Ball
2-2: Strikes out swinging
Batting: RHB Tommy Tyrrell 0-0: Ball
1-0: Ground out 5-3 (Groundball, 56, EV 83.8 MPH)
Batting: RHB Julius McCurdy 0-0: Ball
1-0: Ground out 5-3 (Groundball, 5, EV 86.9 MPH)
Top of the 3rd over - 0 runs, 1 hit, 0 errors, 1 left on base; Juarez 0 - Vancouver 0
BOTTOM OF THE 3RD
Vancouver Thunderbirds batting - Pitching for Juarez Guerreros : RHP Giovanni Ivers
Batting: RHB Kamryn Mazzocchi 0-0: Swinging Strike
0-1: Swinging Strike
0-2: Ball
1-2: Reached on error, E5 (Groundball, 56, EV 84.4 MPH)
Batting: RHB Jovan Elerson 0-0: Called Strike
0-1: Ground out 5-3 (Groundball, 56S, EV 85.6 MPH)
Batting: RHB Allen Zuber 0-0: Ball
1-0: Foul Ball, location: 2F
1-1: DOUBLE (Line Drive, 7LS, EV 115.0 MPH)
Kamryn Mazzocchi scores
Batting: RHB Wes Chavis 0-0: Fly out, F8 (Flyball, 8RM, EV 94.4 MPH)
Batting: SHB Kyle O'Brien 0-0: Ball
1-0: Called Strike
1-1: Ball
2-1: Ground out 3-1 (Groundball, 34, EV 85.6 MPH)
Bottom of the 3rd over - 1 run, 1 hit, 1 error, 1 left on base; Juarez 0 - Vancouver 1
TOP OF THE 4TH
Juarez Guerreros batting - Pitching for Vancouver Thunderbirds : LHP Preston DeGeyter
Batting: RHB Owen Grossman 0-0: Ball
1-0: Ball
2-0: Ball
3-0: Base on Balls
Batting: SHB Damian Skinner 0-0: SINGLE (Groundball, 6D, EV 103.8 MPH)
Owen Grossman to second
Batting: RHB Wilson McFarland 0-0: Ball
1-0: 3-RUN HOME RUN (Flyball, 78XD, EV 110.0 MPH), Distance : 417 ft
Batting: LHB Evan Reney 0-0: Ball
1-0: Swinging Strike
1-1: SINGLE (Groundball, 34D, EV 108.8 MPH)
Batting: LHB Reed Horton 0-0: Called Strike
0-1: Ball
1-1: Ball
2-1: 2-RUN HOME RUN (Flyball, 9LD, EV 95.0 MPH), Distance : 337 ft
Batting: LHB Archibald Vasquez 0-0: Called Strike
0-1: Called Strike
0-2: Foul Ball, location: 2F
0-2: SINGLE (Groundball, 4MD, EV 98.1 MPH)
Batting: LHB Bubba Cain 0-0: Called Strike
0-1: Ball
1-1: Ball
2-1: Foul Ball, location: 2F
2-2: Fly out, F7 (Flyball, 78M, EV 96.2 MPH)
Batting: RHB Tommy Tyrrell 0-0: Ball
1-0: Foul Ball, location: 2F
1-1: Foul Ball, location: 2F
1-2: Foul Ball, location: 2F
1-2: Foul Ball, location: 2F
1-2: Strikes out swinging
Batting: RHB Julius McCurdy 0-0: Ball
1-0: Ground out 5-3 (Groundball, 56S, EV 85.0 MPH)
Top of the 4th over - 5 runs, 5 hits, 0 errors, 1 left on base; Juarez 5 - Vancouver 1
BOTTOM OF THE 4TH
Vancouver Thunderbirds batting - Pitching for Juarez Guerreros : RHP Giovanni Ivers
Batting: LHB Drake Busler 0-0: Foul Ball, location: 2F
0-1: Ball
1-1: Ball
2-1: Ball
3-1: Fly out, F9 (Flyball, 9, EV 79.4 MPH)
Batting: RHB Isaac Merolla 0-0: DOUBLE (Flyball, 89XD, EV 115.6 MPH)
Batting: RHB Karviar Smallwood 0-0: Called Strike
0-1: Ball
1-1: Fly out, F8 (Flyball, 8RS, EV 91.9 MPH)
Batting: RHB Jacolby Waleenstedt 0-0: Ball
1-0: Called Strike
1-1: Called Strike
1-2: Foul Ball, location: 2F
1-2: Strikes out swinging
Bottom of the 4th over - 0 runs, 1 hit, 0 errors, 1 left on base; Juarez 5 - Vancouver 1
TOP OF THE 5TH
Juarez Guerreros batting - Pitching for Vancouver Thunderbirds : LHP Preston DeGeyter
Batting: RHB Owen Grossman 0-0: DOUBLE (Flyball, 8RXD, EV 110.0 MPH)
Batting: SHB Damian Skinner 0-0: Called Strike
0-1: Foul Ball, location: 2F
0-2: Ball
1-2: Foul Ball, location: 2F
1-2: Ball
2-2: Ball
3-2: Strikes out swinging
Batting: RHB Wilson McFarland 0-0: Ball
1-0: Ball
Owen Grossman is caught stealing 3rd base 2-5
2-0: Called Strike
2-1: Foul Ball, location: 2F
2-2: Foul Ball, location: 2F
2-2: Fly out, F7 (Flyball, 7, EV 86.9 MPH)
Top of the 5th over - 0 runs, 1 hit, 0 errors, 0 left on base; Juarez 5 - Vancouver 1
BOTTOM OF THE 5TH
Vancouver Thunderbirds batting - Pitching for Juarez Guerreros : RHP Giovanni Ivers
Batting: RHB Kamryn Mazzocchi 0-0: Ball
1-0: Fly out, F7 (Flyball, 78M, EV 80.6 MPH)
Batting: RHB Jovan Elerson 0-0: Called Strike
0-1: Ground out 6-3 (Groundball, 56, EV 109.4 MPH)
Batting: RHB Allen Zuber 0-0: Fly out, F7 (Flyball, 78S, EV 77.5 MPH)
Bottom of the 5th over - 0 runs, 0 hits, 0 errors, 0 left on base; Juarez 5 - Vancouver 1
TOP OF THE 6TH
Juarez Guerreros batting - Pitching for Vancouver Thunderbirds : LHP Preston DeGeyter
Batting: LHB Evan Reney 0-0: Called Strike
0-1: Swinging Strike
0-2: SOLO HOME RUN (Flyball, 9LD, EV 98.8 MPH), Distance : 378 ft
Pitching: RHP Bobby Anderson
Batting: LHB Reed Horton 0-0: Called Strike
0-1: Ball
1-1: Called Strike
1-2: Ball
2-2: Ground out 5-3 (Groundball, 6, EV 83.8 MPH)
Batting: LHB Archibald Vasquez 0-0: Called Strike
0-1: Ball
1-1: Ball
2-1: Swinging Strike
2-2: Ball
3-2: Strikes out swinging
Batting: LHB Bubba Cain 0-0: Ball
1-0: Fly out, F7 (Flyball, 7S, EV 77.5 MPH)
Top of the 6th over - 1 run, 1 hit, 0 errors, 0 left on base; Juarez 6 - Vancouver 1
BOTTOM OF THE 6TH
Vancouver Thunderbirds batting - Pitching for Juarez Guerreros : RHP Giovanni Ivers
Batting: RHB Wes Chavis 0-0: Foul Ball, location: 2F
0-1: Called Strike
0-2: Strikes out swinging
Batting: SHB Kyle O'Brien 0-0: Ball
1-0: Ground out U3 (Groundball, 3, EV 101.2 MPH)
Batting: LHB Drake Busler 0-0: Called Strike
0-1: Called Strike
0-2: Ball
1-2: Foul Ball, location: 2F
1-2: Fly out, F7 (Flyball, 7D, EV 105.6 MPH)
Bottom of the 6th over - 0 runs, 0 hits, 0 errors, 0 left on base; Juarez 6 - Vancouver 1
TOP OF THE 7TH
Juarez Guerreros batting - Pitching for Vancouver Thunderbirds : RHP Bobby Anderson
Batting: RHB Tommy Tyrrell 0-0: Ball
1-0: Foul Ball, location: 2F
1-1: Foul Ball, location: 2F
1-2: Strikes out swinging
Batting: RHB Julius McCurdy 0-0: Called Strike
0-1: Hit by Pitch
Batting: RHB Owen Grossman 0-0: Called Strike
0-1: Foul Ball, location: 2F
0-2: Ball
1-2: Strikes out swinging
Batting: SHB Damian Skinner 0-0: Swinging Strike
0-1: Foul Ball, location: 2F
0-2: Ball
1-2: Ball
2-2: Fly out, F5 (Popup, 5SF, EV 78.8 MPH)
Top of the 7th over - 0 runs, 0 hits, 0 errors, 1 left on base; Juarez 6 - Vancouver 1
BOTTOM OF THE 7TH
Vancouver Thunderbirds batting - Pitching for Juarez Guerreros : RHP Giovanni Ivers
Batting: RHB Isaac Merolla 0-0: Ball
1-0: Swinging Strike
1-1: Foul Ball, location: 2F
1-2: Ball
2-2: Ball
3-2: Base on Balls
Batting: RHB Karviar Smallwood 0-0: Called Strike
0-1: DOUBLE (Line Drive, 89D, EV 110.6 MPH)
Isaac Merolla to third
Batting: RHB Jacolby Waleenstedt 0-0: Ball
1-0: Ground out 1-3 (Groundball, 15S, EV 67.5 MPH)
Batting: RHB Kamryn Mazzocchi 0-0: Ball
1-0: Ball
2-0: Fly out, F7 (Flyball, 7S, EV 83.1 MPH)
Batting: RHB Jovan Elerson 0-0: Called Strike
0-1: Fly out, F3 (Line Drive, 3L, EV 72.5 MPH)
Bottom of the 7th over - 0 runs, 1 hit, 0 errors, 2 left on base; Juarez 6 - Vancouver 1
TOP OF THE 8TH
Juarez Guerreros batting - Pitching for Vancouver Thunderbirds : RHP Bobby Anderson
Batting: RHB Wilson McFarland 0-0: Foul Ball, location: 2F
0-1: Ball
1-1: Called Strike
1-2: Foul Ball, location: 2F
1-2: Ball
2-2: Ball
3-2: Fly out, F8 (Line Drive, 8LS, EV 93.1 MPH)
Batting: LHB Evan Reney 0-0: Ball
1-0: Called Strike
1-1: Ball
2-1: Fly out, F6 (Popup, 15, EV 75.0 MPH)
Batting: LHB Reed Horton 0-0: Ball
1-0: Fly out, F9 (Flyball, 9, EV 85.0 MPH)
Top of the 8th over - 0 runs, 0 hits, 0 errors, 0 left on base; Juarez 6 - Vancouver 1
BOTTOM OF THE 8TH
Vancouver Thunderbirds batting - Pitching for Juarez Guerreros : RHP Giovanni Ivers
Batting: RHB Allen Zuber 0-0: Ball
1-0: Swinging Strike
1-1: Ball
2-1: Foul Ball, location: 2F
2-2: SINGLE (Groundball, 56D, EV 96.9 MPH)
Batting: RHB Wes Chavis 0-0: Ball
1-0: Called Strike
1-1: Called Strike
1-2: Foul Ball, location: 2F
1-2: Strikes out swinging
Pitching: RHP Gerald Roderick
Batting: SHB Kyle O'Brien 0-0: Called Strike
0-1: Ball
1-1: Swinging Strike
1-2: Ball
2-2: Strikes out swinging
Batting: LHB Drake Busler 0-0: Ball
1-0: Ball
2-0: Ball
3-0: Called Strike
3-1: SINGLE (Groundball, 4MD, EV 106.9 MPH)
Allen Zuber to second
Runner from 2nd tries for 3rd, SAFE, throw by CF made to third
Batting: RHB Isaac Merolla 0-0: Called Strike
0-1: Foul Ball, location: 2F
0-2: Strikes out looking
Bottom of the 8th over - 0 runs, 2 hits, 0 errors, 2 left on base; Juarez 6 - Vancouver 1
TOP OF THE 9TH
Juarez Guerreros batting - Pitching for Vancouver Thunderbirds : RHP Bobby Anderson
Batting: LHB Archibald Vasquez 0-0: Ball
1-0: Called Strike
1-1: Foul Ball, location: 2F
1-2: Ball
2-2: Fly out, F8 (Flyball, 78S, EV 89.4 MPH)
Batting: LHB Bubba Cain 0-0: Ball
1-0: Called Strike
1-1: Ball
2-1: Foul Ball, location: 2F
2-2: DOUBLE (Flyball, 9D, EV 91.2 MPH)
Pinch Runner at 2nd Ricky Stegall:
Batting: RHB Tommy Tyrrell 0-0: Ball
1-0: Called Strike
1-1: Foul Ball, location: 2F
1-2: Foul Ball, location: 2F
1-2: Ball
2-2: Foul Ball, location: 2F
2-2: Strikes out swinging
Batting: RHB Julius McCurdy 0-0: Foul Ball, location: 2F
0-1: Ground out 5-3 (Groundball, 56S, EV 85.0 MPH)
Top of the 9th over - 0 runs, 1 hit, 0 errors, 1 left on base; Juarez 6 - Vancouver 1
BOTTOM OF THE 9TH
Vancouver Thunderbirds batting - Pitching for Juarez Guerreros : RHP Gerald Roderick
Now in CF: Ricky Stegall
Batting: RHB Karviar Smallwood 0-0: Ball
1-0: Foul Ball, location: 2F
1-1: Ball
2-1: Ball
3-1: Called Strike
3-2: Strikes out swinging
Batting: RHB Jacolby Waleenstedt 0-0: Ball
1-0: Called Strike
1-1: Swinging Strike
1-2: Foul Ball, location: 2F
1-2: Foul Ball, location: 2F
1-2: Foul Ball, location: 2F
1-2: Strikes out swinging
Batting: RHB Kamryn Mazzocchi 0-0: Ball
1-0: Foul Ball, location: 2F
1-1: Ball
2-1: Ball
3-1: Base on Balls
Pitching: RHP Brendan Fruth
Batting: RHB Jovan Elerson 0-0: Ball
1-0: Ball
2-0: Ball
3-0: Base on Balls
Kamryn Mazzocchi to second
Batting: RHB Allen Zuber 0-0: Ball
1-0: Ball
2-0: Ball
3-0: Base on Balls
Kamryn Mazzocchi to third
Jovan Elerson to second
Batting: RHB Wes Chavis 0-0: Ball
Balk!
Kamryn Mazzocchi scores
Jovan Elerson to third
Allen Zuber to second
1-0: Called Strike
1-1: Foul Ball, location: 2F
1-2: Ball
2-2: Strikes out looking
Bottom of the 9th over - 1 run, 0 hits, 0 errors, 2 left on base; Juarez 6 - Vancouver 2
Monday, April 29th , 2024 - OOTP Baseball 23.10 Build 110